 Dungeon Crawl Stone Soup version 0.31.0-10-gcf4a605ca0 (webtiles) character file.

Game seed: 9502477238130717607

6357 Ijustatesigmund the Geomancer (level 10, -2/59 HPs)
             Began as a Gargoyle Earth Elementalist on Jan 25, 2024.
             Was a Follower of Vehumet.
             Slain by a troll (13 damage)
             ... on level 9 of the Dungeon.
             The game lasted 00:20:08 (8600 turns).

Ijustatesigmund the Geomancer (GrEE)                Turns: 8600, Time: 00:20:09

Health: -2/59      AC: 13    Str: 16    XL:     10   Next: 96%
Magic:  18/21      EV: 12    Int: 20    God:    Vehumet [*.....]
Gold:   303        SH:  5    Dex: 10    Spells: 19/23 levels left

rFire   + . .        q - +9 sling of Objectivity {elec, ^Fragile rF+ rN++ Str-2}
rCold   . . .        v - +1 buckler
rNeg    + + +        a - +0 robe
rPois   ∞            (no helmet)
rElec   +            O - +0 cloak
rCorr   .            e - +1 pair of gloves {Stlth+}
SInv    .            B - +0 pair of boots
Will    .....        (no amulet)
Stlth   +++          A - ring of flight
HPRegen 0.29/turn    H - +6 ring of strength
MPRegen 0.17/turn

%: no passive effects
@: flying
A: sickness immunity, AC +7, negative energy resistance 1, electricity
resistance, torment resistance 1, petrification resistance
a: Renounce Religion


You were on level 9 of the Dungeon.
You worshipped Vehumet.
Vehumet was aware of your devotion.
You visited 2 branches of the dungeon, and saw 10 of its levels.

You collected 440 gold pieces.
You spent 137 gold pieces at shops.

Inventory:

Hand Weapons
 f - a -2 demon whip
 q - the +9 sling of Objectivity (weapon) {elec, ^Fragile rF+ rN++ Str-2}
   (You found it on level 3 of the Dungeon)

   Str-2:     It affects your strength (-2).
   rF+:       It protects you from fire.
   rN++:      It greatly protects you from negative energy.
   ^Fragile:  It will be destroyed if unequipped.
 N - a +2 flail
Missiles
 K - a curare-tipped dart
 L - a throwing net
Armour
 a - a +0 robe (worn)
 e - a +1 pair of gloves of stealth (worn)
 v - a +1 buckler (worn)
 B - a +0 pair of boots (worn)
 O - a +0 cloak (worn)
Jewellery
 A - a ring of flight (left hand)
 H - a +6 ring of strength (right hand)
Wands
 d - a wand of quicksilver (6)
 D - a wand of charming (16)
 E - a wand of iceblast (3)
 I - a wand of flame (14)
 J - a wand of mindburst (5)
Scrolls
 i - a scroll of fear
 k - a scroll of immolation {unknown}
 o - a scroll of silence
 s - a scroll of identify
 u - a scroll of noise {unknown}
 w - a scroll of amnesia {unknown}
 y - 3 scrolls of teleportation
 F - a scroll of revelation {unknown}
 G - a scroll of summoning {unknown}
 M - a scroll of brand weapon {unknown}
Potions
 b - a potion of magic
 c - a potion of invisibility
 h - 2 potions of enlightenment {unknown}
 j - 4 potions of curing {unknown}
 l - a potion of lignification {unknown}
 m - a potion of brilliance {unknown}
 n - a potion of ambrosia {unknown}
 p - a potion of cancellation {unknown}
 r - 2 potions of resistance {unknown}
 t - 2 potions of mutation {unknown}
 x - a potion of berserk rage {unknown}
 z - a potion of haste {unknown}
 C - a potion of might {unknown}


   Skills:
 - Level 5.5 Fighting
 - Level 3.0 Ranged Weapons
 + Level 3.4 Dodging
 - Level 2.1 Stealth
 - Level 4.6 Shields
 + Level 7.4 Spellcasting
 + Level 8.6 Conjurations
 + Level 10.1 Earth Magic
 - Level 2.2 Evocations


You had 19 spell levels left.
You knew the following spells:

 Your Spells              Type           Power      Damage    Failure   Level
a - Sandblast             Erth           96%        2d20      1%          1
b - Stone Arrow           Conj/Erth      90%        3d12      1%          3

Your spell library contained the following spells:

 Spells                   Type           Power      Damage    Failure   Level
 Magic Dart               Conj           100%       1d8       1%          1
 Passwall                 Erth           48%        N/A       1%          3
 Brom's Barrelling Bould  Conj/Erth      45%        2d6       2%          4
 Petrify                  Alch/Erth      27%        N/A       14%         4
 Ignite Poison            Fire/Alch      7%         N/A       75%         4
 Sticky Flame             Fire/Alch      7%         2d4       75%         4
 Ignition                 Fire           3%         3d4       100%        8


Dungeon Overview and Level Annotations

Branches:
Dungeon (9/15)             Temple (1/1) D:7
   Lair: D:8-11         Orc: D:9-12

Altars:
Ashenzari
Cheibriados
Dithmenos
Elyvilon
Fedhas
Gozag
Hepliaklqana
Kikubaaqudgha
Makhleb
Nemelex Xobeh
Okawaru
Qazlal
Ru
Sif Muna
Trog
Uskayaw
Vehumet
Wu Jian
Xom
Yredelemnul
Zin
The Shining One

Shops:
D:3 ([*   D:5 *

Annotations:
D:8 1 runed translucent door, dakkaduck's ghost, novice MiBe


Innate Abilities, Weirdness & Mutations

You are immune to sickness and miasma.
Your stone body is resilient. (AC +7)
You are immune to poison.
You resist negative energy. (rN+)
You are resistant to electric shocks. (rElec)
You are resistant to unholy torment.
You are immune to petrification.


Message History

The troll is moderately wounded.
You block the troll's attack. The troll misses you.
The troll claws you but does no damage. The troll bites you but does no damage.
The troll closely misses you. x2
You shoot a sling bullet.
The sling bullet completely misses the troll.
The troll bites you! The troll claws you. x2
You are too injured to fight recklessly!
You are too injured to fight recklessly!
You are too injured to fight recklessly!
You are too injured to fight recklessly!
You are too injured to fight recklessly!
You are too injured to fight recklessly!
You are too injured to fight recklessly!
Fire: q) +9 sling of Objectivity {elec, ^Fragile rF+ rN++ Str-2}
Press: ? - help, Q - select action, (/) - cycle Shift-Dir - straight line, f/p - troll
Aim: a troll (moderately wounded, 67% to hit)
You shoot a sling bullet. The sling bullet hits the troll!
The troll is heavily wounded.
The troll bites you. The troll claws you but does no damage.
The troll claws you!
* * * LOW HITPOINT WARNING * * *
You feel much better. The troll bites you!
* * * LOW HITPOINT WARNING * * *
You block the troll's attack. The troll claws you.
* * * LOW HITPOINT WARNING * * *
Casting: Sandblast (safe; 1% risk of failure)
Confirm with . or Enter, or press ? or * to list all spells.
Aiming: Stone Arrow (safe; 1% risk of failure)
Press: ? - help, Shift-Dir - straight line, f/p - troll
Aim: a troll (heavily wounded, 76% to hit)
The stone arrow hits the troll!
The troll is severely wounded.
The troll bites you but does no damage. The troll claws you but does no damage.
You block the troll's attack.
Aiming: Mindburst
Press: ? - help, Shift-Dir - straight line, f/p - troll
Aim: a troll (severely wounded, chance to affect: 73%)
The troll struggles to resist.
The troll bites you!
You die...

..(....
##...####)####
Y.....
...####.....# #
.....
.######.#........#
#.#...
...........#.....#
..###.#..
##.)|.....#####
...$(.).#
##))#.#####
###.### ##.....#
#.....#####..#.###
#....†.†.@T..#.#
#.....######...#
####### #..## ####


You could see a troll.

Vanquished Creatures
  A boulder beetle (D:8)
  Pikel (D:8)
  The ghost of Arzdou the Thaumaturge, a novice DEFE of Vehumet (D:6)
  A merfolk (D:8)
  A hornet (D:7)
  A wyvern (D:9)
  A steam dragon (D:8)
  5 yaks (D:9)
  Duvessa (D:6)
  A water moccasin (D:7)
  2 sky beasts
  3 orc warriors (D:6)
  A black bear (D:6)
  An ogre (D:6)
  6 centaurs
  A lemure (D:8)
  2 phantoms
  4 kobold brigands
  A scorpion (D:7)
  A gnoll sergeant (D:8)
  13 wights
  Dowan (D:6)
  4 howler monkeys
  3 hounds
  2 bombardier beetles
  2 gnoll boudas
  6 orc priests
  A jelly (D:5)
  2 sleepcaps
  Jessica (D:3)
  3 iguanas
  4 orc wizards
  15 gnolls
  5 adders
  A shadow imp (D:8)
  3 white imps (D:6)
  2 ufetubi (D:5)
  2 dart slugs
  2 ribbon worms
  28 orcs
  5 ball pythons
  An endoplasm (D:2)
  2 giant cockroaches
  4 goblins
  6 hobgoblins
  3 jackals (D:2)
  3 quokkas
  3 bats
  2 frilled lizards
  9 kobolds
  7 rats
181 creatures vanquished.

Notes
Turn   | Place    | Note
-------+----------+-------------------------------------------
     0 | D:1      | Ijustatesigmund the Gargoyle Earth Elementalist began the
                  | quest for the Orb.
     0 | D:1      | Reached XP level 1. HP: 10/10 MP: 3/3
   397 | D:1      | Reached XP level 2. HP: 16/16 MP: 0/5
   844 | D:1      | Found a burning altar of Makhleb.
   890 | D:2      | Reached skill level 1 in Fighting
   898 | D:1      | Reached skill level 4 in Earth Magic
   898 | D:1      | Reached XP level 3. HP: 20/20 MP: 0/6
  1899 | D:3      | Reached XP level 4. HP: 26/26 MP: 4/7
  1903 | D:3      | Learned a level 3 spell: Stone Arrow
  1930 | D:3      | Found Vinuqaf's Weapon Emporium.
  2051 | D:3      | Found Bycusi's Armour Shop.
  2115 | D:3      | Identified the +9 sling of Objectivity {elec, ^Fragile rF+
                  | rN++ Str-2}
  2244 | D:3      | Found Tias's Assorted Antiques.
  2252 | D:3      | Bought 2 blue potions for 43 gold pieces
  2252 | D:3      | Bought a scroll labelled ICARO NISO for 24 gold pieces
  2702 | D:3      | Reached XP level 5. HP: 30/30 MP: 9/9
  2815 | D:3      | Noticed Jessica
  2816 | D:3      | Killed Jessica
  2935 | D:4      | Noticed a phantom
  2940 | D:4      | Noticed a sky beast
  2945 | D:3      | Reached skill level 1 in Shields
  3007 | D:3      | Killed a phantom
  3008 | D:3      | Reached skill level 5 in Earth Magic
  3008 | D:3      | Reached XP level 6. HP: 26/35 MP: 10/10
  3274 | D:3      | Killed a sky beast
  3489 | D:4      | Found a stormy altar of Qazlal.
  3489 | D:4      | Noticed a sky beast
  3492 | D:4      | Killed a sky beast
  3493 | D:4      | Reached XP level 7. HP: 40/40 MP: 12/12
  3609 | D:4      | You fall into a shaft and drop 1 floor!
  3609 | D:5      | Entered Level 5 of the Dungeon
  3909 | D:5      | Reached skill level 1 in Ranged Weapons
  3909 | D:5      | Reached skill level 6 in Earth Magic
  4100 | D:5      | Found Odeonig's Lightly-Used Armoury.
  4214 | D:5      | Reached XP level 8. HP: 42/44 MP: 14/14
  4367 | D:6      | Reached skill level 5 in Conjurations
  4716 | D:5      | Bought a -2 demon whip for 70 gold pieces
  5081 | D:6      | Found a white marble altar of Elyvilon.
  5088 | D:6      | Found an iron altar of Okawaru.
  5527 | D:6      | Noticed Duvessa
  5527 | D:6      | Noticed Dowan
  5535 | D:6      | Killed Duvessa
  5542 | D:6      | Killed Dowan
  5543 | D:6      | Reached skill level 7 in Earth Magic
  5859 | D:6      | Found a runed translucent gate.
  5860 | D:6      | Found a runed translucent gate.
  5860 | D:6      | Noticed Arzdou's ghost (novice DEFE)
  5861 | D:6      | Found a runed translucent gate.
  5869 | D:6      | Reached skill level 5 in Spellcasting
  5928 | D:6      | Reached XP level 9. HP: 49/49 MP: 16/16
  5957 | D:6      | Killed Arzdou's ghost
  6199 | D:7      | Found a broken altar of Ashenzari.
  6297 | D:7      | Noticed a hornet
  6302 | D:7      | Killed a hornet
  6303 | D:7      | Reached skill level 8 in Earth Magic
  6550 | D:7      | Found a staircase to the Ecumenical Temple.
  6596 | Temple   | Entered the Ecumenical Temple
  6604 | Temple   | Became a worshipper of Vehumet
  6898 | D:8      | Noticed Pikel
  6903 | D:8      | Killed Pikel
  6904 | D:8      | Reached skill level 5 in Fighting
  6904 | D:8      | Reached skill level 1 in Evocations
  6969 | D:8      | Found an ornate altar of the Wu Jian Council.
  7102 | D:8      | Reached XP level 10. HP: 59/59 MP: 19/19
  7468 | D:8      | Reached skill level 9 in Earth Magic
  7470 | D:8      | Identified the +4 short sword of the Hundredfold Coins
                  | {freeze, +Blink rElec rC- rN+++}
  7685 | D:8      | Found a glowing silver altar of Zin.
  7778 | D:8      | Noticed dakkaduck's ghost (novice MiBe)
  7826 | D:8      | Found a runed translucent door.
  7930 | D:8      | Noticed a boulder beetle
  7938 | D:8      | Killed a boulder beetle
  8326 | D:9      | Reached * piety under Vehumet
  8326 | D:9      | Offered knowledge of Magic Dart by Vehumet.
  8554 | D:9      | Reached skill level 10 in Earth Magic
  8600 | D:9      | Slain by a troll

Illustrated notes

Levels and vault maps discovered:
D:1:      dpeg_arrival_water_altar, layout_rooms
D:2:      layout_rooms
D:3:      layout_basic, serial_shops, nicolae_shop_crystal, nicolae_shop_stone,
          nicolae_shop_tiny_waterfront, kennysheep_jessica_study
D:4:      layout_cave_pools, nicolae_qazlal_beasts_of_the_sky
D:5:      layout_rooms, st_stairs_12, nrook_uturn, minmay_shop_damaged,
          kennysheep_generic_room_5
D:6:      layout_basic, mainiacjoe_overflow_big_doors,
          biasface_ghost_orc_armoury, uniq_duvessa
D:7:      layout_cave_pools, mainiacjoe_overflow_cross_hatched,
          minmay_temple_entry_purple_smoke, serial_park_tiny_pond
D:8:      layout_basic, nicolae_wu_jian_immortal_techniques,
          hellmonk_ghost_happy_afterlife, st_stairs_12, roadster_trireme,
          uniq_pikel
D:9:      layout_rooms, orc_0_dummy, serial_shops,
          nicolae_shop_temple_entry_statues_fountains
Temple:   nicolae_temple_x_marks_the_god

Skill      XL: |  1  2  3  4  5  6  7  8  9 10 |
---------------+-------------------------------+-----
Fighting       | 1 2 5 |  5.5
Earth Magic    | 4 5 6 7 8 10 | 10.1
Conjurations   | 2 3 4 5 7 8 |  8.6
Spellcasting   | 3 4 5 6 7 |  7.4
Shields        | 1 2 3 4 |  4.6
Ranged Weapons | 1 3 |  3.0
Evocations     | 1 2 |  2.2
Dodging        | 3 |  3.4
Stealth        | |  2.1

Action                     |  1- 3 |  4- 6 |  7- 9 | 10-12 || total
---------------------------+-------+-------+-------+-------++-------
  Melee: Unarmed           |    11 |       |       |       ||    11
         Mace              |     1 |       |       |       ||     1
   Fire: Sling             |       |    70 |   205 |   147 ||   422
   Cast: Sandblast         |    51 |     6 |       |     1 ||    58
         Stone Arrow       |       |       |     2 |    10 ||    12
  Evoke: Wand              |       |       |       |     7 ||     7
    Use: Scroll            |       |     3 |    10 |       ||    13
         Potion            |       |       |     1 |     2 ||     3
 Armour: Robe              |    16 |    42 |    55 |    72 ||   185
  Dodge: Dodged            |    15 |    24 |    51 |    40 ||   130
  Block: Buckler           |       |       |    23 |    19 ||    42
